DETROIT vs ANAHEIM

Created - April 24, 2021 at 13:56

Goals
1 2 3 T
DETROIT 2 2 0 4
ANAHEIM 0 1 0 1
Shots
1 2 3 T
DETROIT 15 9 13 37
ANAHEIM 8 7 4 19

1st period

1. DETROIT , Ian Cole 8 (Zemgus Girgensons 12, Max Domi 15) at 1:00 (PP)
2. DETROIT , Justin Abdelkader 7 (Ian Cole 16) at 6:19

Penalties :
Olli Maatta (ANA) for Slashing (Minor) at 0:21, Trevor van Riemsdyk (ANA) for Slashing (Minor) at 6:41, Olli Maatta (ANA) for Roughing (Minor) at 12:13, Jake McCabe (ANA) for Hooking (Minor) at 13:36, Patrik Nemeth (DET) for Slashing (Minor) at 18:23

2nd period

3. ANAHEIM , Olli Maatta 5 (Connor McDavid 27, Frank Vatrano 7) at 0:10 (PP)
4. DETROIT , Christian Dvorak 9 (Calle Jarnkrok 14, Aaron Ekblad 26) at 10:33
5. DETROIT , Tyler Myers 12 (Zemgus Girgensons 13, Scott Laughton 20) at 18:08 (PP)

Penalties :
Trevor van Riemsdyk (ANA) for Tripping (Minor) at 17:42

3rd period

No Goal

Penalties :
Connor McDavid (ANA) for Hooking (Minor) at 9:00, Trevor van Riemsdyk (ANA) for High sticking (Minor) at 11:04, Frank Vatrano (ANA) for Hooking (Minor) at 16:06

Goalie Stats

John Gibson (DET), 18 saves from 19 shots - (0.947), W, 30-24-3, 60:00 minutes
Cam Talbot (ANA), 33 saves from 37 shots - (0.892), L, 18-18-6, 60:00 minutes

Players Stats for DETROIT

Player Name              G  A  P  +/- PIM S  H  SB GA TA FO     MP     PP MP  PK MP  
------------------------------------------------------------------------------------
Aaron Ekblad             0  1  1   1  0   2  3  0  0  0  0/0    23:06   6:07   1:14 
Alexander Wennberg       0  0  0   1  0   0  0  0  0  0  6/16   15:07   0:32   0:00 
Andrej Sekera            0  0  0   0  0   2  0  0  0  0  0/0    12:00   0:00   0:00 
Brendan Smith            0  0  0   0  0   0  0  0  0  0  0/0     5:04   0:00   0:00 
Calle Jarnkrok           0  1  1   1  0   5  0  0  0  0  0/1    18:19   5:57   0:32 
Chandler Stephenson      0  0  0   0  0   0  0  0  0  0  3/10    5:08   0:00   0:00 
Christian Dvorak         1  0  1   1  0   5  0  0  0  0  16/26  18:04   5:57   0:17 
Colton Sceviour          0  0  0   1  0   2  0  0  0  0  0/0    15:07   0:32   0:00 
Ian Cole                 1  1  2   1  0   2  0  1  0  0  0/0    19:50   6:16   0:33 
Justin Abdelkader        1  0  1   1  0   3  1  0  0  0  0/0    15:40   0:32   0:33 
Max Domi                 0  1  1   0  0   3  0  0  0  0  0/0    21:08   5:54   0:57 
Oscar Klefbom            0  0  0   1  0   5  2  0  0  0  0/0    19:50   6:16   0:33 
Patrik Nemeth            0  0  0   0  2   0  0  1  0  0  0/0    11:59   0:00   0:00 
Robert Bortuzzo          0  0  0   0  0   1  0  0  0  0  0/0     5:04   0:00   0:00 
Scott Laughton           0  1  1   0  0   1  1  0  0  0  10/26  20:11   5:54   0:00 
Taylor Hall              0  0  0   1  0   3  4  0  0  0  1/6    24:10   5:57   1:15 
Tyler Myers              1  0  1   1  0   2  1  1  0  0  0/0    23:06   6:07   1:14 
Valeri Nichushkin        0  0  0   0  0   0  1  0  0  0  0/0     5:08   0:00   0:00 
Zemgus Girgensons        0  2  2   0  0   1  3  0  0  0  0/0    20:11   5:54   0:00 

Players Stats for ANAHEIM

Player Name              G  A  P  +/- PIM S  H  SB GA TA FO     MP     PP MP  PK MP  
------------------------------------------------------------------------------------
Andreas Athanasiou       0  0  0  -1  0   1  1  0  0  0  0/1    14:41   0:45   0:56 
Andrew Shaw              0  0  0   0  0   1  0  0  0  0  1/2     1:56   0:00   0:00 
Anton Stralman           0  0  0  -1  0   1  0  2  0  0  0/0    21:32   0:53   5:47 
Caleb Jones              0  0  0  -1  0   0  1  0  0  0  0/0    16:30   0:00   2:21 
Chris Wagner             0  0  0   0  0   0  0  0  0  0  1/3     1:39   0:00   1:39 
Connor McDavid           0  1  1   0  2   3  1  0  0  0  20/34  25:25   1:02   6:28 
Evgeny Kuznetsov         0  0  0  -1  0   3  1  1  0  0  10/19  22:30   0:45   6:49 
Frank Vatrano            0  1  1   0  2   1  3  0  0  0  0/0    17:01   1:02   0:00 
Jake McCabe              0  0  0  -1  2   0  2  2  0  0  0/0    20:49   0:53   5:04 
Jason Zucker             0  0  0   0  0   2  0  0  0  0  2/3    20:38   1:02   3:36 
Joel Edmundson           0  0  0   0  0   0  3  2  0  0  0/0    20:54   0:54   6:22 
Michael Frolik           0  0  0  -1  0   1  1  0  0  0  0/1    16:00   0:00   1:06 
Mike Green               0  0  0   0  0   0  0  0  0  0  0/0     3:35   0:00   0:24 
Olli Maatta              1  0  1   0  4   1  1  2  0  0  0/0    22:28   0:54   4:47 
Pierre-Luc Dubois        0  0  0  -1  0   4  2  0  0  0  15/21  18:30   0:00   3:36 
Trevor van Riemsdyk      0  0  0  -1  6   0  2  0  0  0  0/0    14:06   0:00   0:00 
Tyler Motte              0  0  0  -1  0   0  2  0  0  0  0/0    14:54   0:00   0:00 
Zach Sanford             0  0  0  -1  0   1  2  0  0  0  0/1    13:45   0:45   0:00 

3 Stars

1 - Ian Cole (DET)
2 - Tyler Myers (DET)
3 - Zemgus Girgensons (DET)

Power Play

DETROIT - 2 on 8 Attempt(s) - 25.00%
ANAHEIM - 1 on 1 Attempt(s) - 100.00%

Penalty Kill

DETROIT - 0 on 1 Attempt(s) - 0.00% - Score 0 goal in Penalty Kill
ANAHEIM - 6 on 8 Attempt(s) - 75.00% - Score 0 goal in Penalty Kill

Team Stat

DETROIT - Hits : 16 - Faceoff Wins : 36 - Blocked Shots : 3 - Penalty Minutes : 2
ANAHEIM - Hits : 22 - Faceoff Wins : 49 - Blocked Shots : 9 - Penalty Minutes : 16

Official

Referees : Garrett Rank and Tim Mayer
Linesman : Steven Berry and Matt MacPherson

Game Notes

No Game Note

Finance

Level 1 -- Attendance: 6000 (100.00%) -- Ticket Income $534,000
Level 2 -- Attendance: 4606 (92.12%) -- Ticket Income $248,724
Level 3 -- Attendance: 1965 (98.25%) -- Ticket Income $55,020
Level 4 -- Attendance: 3199 (79.98%) -- Ticket Income $67,179
Luxury Box -- Attendance: 797 (79.70%) -- Ticket Income $148,242
Game was played at the Honda Center.
Total Attendance: 16567 (92.04%)
Total Ticket Income: $1,053,165
Total Income: $1,053,165

DETROIT

5 vs 5 Forward 
   Center                   Left Wing                Right Wing               Time % Phy DF OF 
 1 Christian Dvorak         Taylor Hall              Calle Jarnkrok           35     1   2  2  
 2 Scott Laughton           Max Domi                 Zemgus Girgensons        30     1   2  2  
 3 Alexander Wennberg       Colton Sceviour          Justin Abdelkader        25     1   2  2  
 4 Chandler Stephenson      Taylor Hall              Valeri Nichushkin        10     1   2  2  

5 vs 5 Defense 
   Defense                  Defense                                           Time % Phy DF OF 
 1 Aaron Ekblad             Tyler Myers                                       35     1   2  2  
 2 Oscar Klefbom            Ian Cole                                          30     1   2  2  
 3 Patrik Nemeth            Andrej Sekera                                     25     1   2  2  
 4 Robert Bortuzzo          Brendan Smith                                     10     1   2  2  

PowerPlay Forward 
   Center                   Left Wing                Right Wing               Time % Phy DF OF 
 1 Christian Dvorak         Taylor Hall              Calle Jarnkrok           60     1   2  2  
 2 Scott Laughton           Max Domi                 Zemgus Girgensons        40     1   2  2  

PowerPlay Defense
   Defense                  Defense                                           Time % Phy DF OF 
 1 Aaron Ekblad             Tyler Myers                                       60     1   2  2  
 2 Oscar Klefbom            Ian Cole                                          40     1   2  2  

Penalty Kill 4 Players Forward 
   Center                   Wing                     Time % Phy DF OF 
 1 Taylor Hall              Max Domi                 60     1   2  2  
 2 Christian Dvorak         Calle Jarnkrok           40     1   2  2  

Penalty Kill 4 Players Defense
   Defense                  Defense                  Time % Phy DF OF 
 1 Aaron Ekblad             Tyler Myers              60     1   2  2  
 2 Oscar Klefbom            Ian Cole                 40     1   2  2  

Penalty Kill - 3 Players Forward 
   Forward                                           Time % Phy DF OF 
 1 Taylor Hall                                       60     1   2  2  
 2 Max Domi                                          40     1   2  2  

Penalty Kill - 3 Players Defense
   Defense                  Defense                  Time % Phy DF OF 
 1 Aaron Ekblad             Tyler Myers              60     1   2  2  
 2 Oscar Klefbom            Ian Cole                 40     1   2  2  

4 vs 4 Forward 
   Center                   Wing                     Time % Phy DF OF 
 1 Taylor Hall              Max Domi                 60     1   2  2  
 2 Christian Dvorak         Calle Jarnkrok           40     1   2  2  

4 vs 4 Defense
   Defense                  Defense                  Time % Phy DF OF 
 1 Aaron Ekblad             Tyler Myers              60     1   2  2  
 2 Oscar Klefbom            Ian Cole                 40     1   2  2  

Last Minutes Offensive
   Center                   Left Wing                Right Wing               Defense                  Defense                  
   Christian Dvorak         Taylor Hall              Calle Jarnkrok           Aaron Ekblad             Tyler Myers              

Last Minutes Defensive
   Center                   Left Wing                Right Wing               Defense                  Defense                  
   Christian Dvorak         Taylor Hall              Calle Jarnkrok           Aaron Ekblad             Tyler Myers              

Goaltenders
Starting : John Gibson              
Backup : Pheonix Copley           

Extra Forwards
Normal : Alexander Wennberg, Colton Sceviour, Justin Abdelkader - PP : Alexander Wennberg, Colton Sceviour - PK : Justin Abdelkader
Extra Defensemen
Normal : Patrik Nemeth, Andrej Sekera, Robert Bortuzzo - PP : Patrik Nemeth - PK : Andrej Sekera, Robert Bortuzzo
Penalty Shots
Taylor Hall, Max Domi, Christian Dvorak, Calle Jarnkrok, Scott Laughton

Scratches
Tomas Nosek (Healthy), DET CAPHIT (Suspend), Ryan Nugent-Hopkins (Healthy)

ANAHEIM

5 vs 5 Forward 
   Center                   Left Wing                Right Wing               Time % Phy DF OF 
 1 Connor McDavid           Jason Zucker             Frank Vatrano            35     1   2  2  
 2 Evgeny Kuznetsov         Andreas Athanasiou       Zach Sanford             30     1   2  2  
 3 Pierre-Luc Dubois        Michael Frolik           Tyler Motte              25     1   2  2  
 4 Andrew Shaw              Connor McDavid           Evgeny Kuznetsov         10     1   2  2  

5 vs 5 Defense 
   Defense                  Defense                                           Time % Phy DF OF 
 1 Olli Maatta              Joel Edmundson                                    35     1   2  2  
 2 Anton Stralman           Jake McCabe                                       30     1   2  2  
 3 Trevor van Riemsdyk      Caleb Jones                                       25     1   2  2  
 4 Mike Green               Olli Maatta                                       10     1   2  2  

PowerPlay Forward 
   Center                   Left Wing                Right Wing               Time % Phy DF OF 
 1 Connor McDavid           Jason Zucker             Frank Vatrano            60     1   2  2  
 2 Evgeny Kuznetsov         Andreas Athanasiou       Zach Sanford             40     1   2  2  

PowerPlay Defense
   Defense                  Defense                                           Time % Phy DF OF 
 1 Olli Maatta              Joel Edmundson                                    60     1   2  2  
 2 Anton Stralman           Jake McCabe                                       40     1   2  2  

Penalty Kill 4 Players Forward 
   Center                   Wing                     Time % Phy DF OF 
 1 Connor McDavid           Evgeny Kuznetsov         60     1   2  2  
 2 Pierre-Luc Dubois        Jason Zucker             40     1   2  2  

Penalty Kill 4 Players Defense
   Defense                  Defense                  Time % Phy DF OF 
 1 Olli Maatta              Joel Edmundson           60     1   2  2  
 2 Anton Stralman           Jake McCabe              40     1   2  2  

Penalty Kill - 3 Players Forward 
   Forward                                           Time % Phy DF OF 
 1 Connor McDavid                                    60     1   2  2  
 2 Evgeny Kuznetsov                                  40     1   2  2  

Penalty Kill - 3 Players Defense
   Defense                  Defense                  Time % Phy DF OF 
 1 Olli Maatta              Joel Edmundson           60     1   2  2  
 2 Anton Stralman           Jake McCabe              40     1   2  2  

4 vs 4 Forward 
   Center                   Wing                     Time % Phy DF OF 
 1 Connor McDavid           Evgeny Kuznetsov         60     1   2  2  
 2 Pierre-Luc Dubois        Jason Zucker             40     1   2  2  

4 vs 4 Defense
   Defense                  Defense                  Time % Phy DF OF 
 1 Olli Maatta              Joel Edmundson           60     1   2  2  
 2 Anton Stralman           Jake McCabe              40     1   2  2  

Last Minutes Offensive
   Center                   Left Wing                Right Wing               Defense                  Defense                  
   Connor McDavid           Jason Zucker             Frank Vatrano            Olli Maatta              Joel Edmundson           

Last Minutes Defensive
   Center                   Left Wing                Right Wing               Defense                  Defense                  
   Connor McDavid           Jason Zucker             Frank Vatrano            Olli Maatta              Joel Edmundson           

Goaltenders
Starting : Cam Talbot               
Backup : Juuse Saros              

Extra Forwards
Normal : Chris Wagner, Andrew Shaw, Michael Frolik - PP : Chris Wagner, Andrew Shaw - PK : Michael Frolik
Extra Defensemen
Normal : Trevor van Riemsdyk, Caleb Jones, Mike Green - PP : Trevor van Riemsdyk - PK : Caleb Jones, Mike Green
Penalty Shots
Connor McDavid, Evgeny Kuznetsov, Pierre-Luc Dubois, Jason Zucker, Frank Vatrano

Scratches
ANA Cap Hit (Suspend)

% Time on Ice - DETROIT

Lines # - Real PCT - Wanted PCT - Time Play
Normal Forward
1 - 26% - 35% - 11:50
2 - 31% - 30% - 14:17
3 - 32% - 25% - 14:35
4 - 11% - 10% - 5:08
Normal Defense
1 - 34% - 35% - 15:45
2 - 28% - 30% - 13:01
3 - 26% - 25% - 12:00
4 - 11% - 10% - 5:04
PP Forward
1 - 52% - 60% - 6:29
2 - 48% - 40% - 5:54
PP Defense
1 - 49% - 60% - 6:07
2 - 51% - 40% - 6:16
PK Forward
1 - 84% - 60% - 1:30
2 - 16% - 40% - 0:17
PK Defense
1 - 69% - 60% - 1:14
2 - 31% - 40% - 0:33
PK3 Forward
1 - 0% - 60%
2 - 0% - 40%
PK3 Defense
1 - 0% - 60%
2 - 0% - 40%
44 Forward
1 - 0% - 60%
2 - 0% - 40%
44 Defense
1 - 0% - 60%
2 - 0% - 40%
Last Minute Offensive  - 0:00
Last Minute Defensive  - 0:00
Total
Forward - 60:00
Defense - 60:00

% Time on Ice - ANAHEIM

Lines # - Real PCT - Wanted PCT - Time Play
Normal Forward
1 - 35% - 35% - 16:00
2 - 28% - 30% - 13:00
3 - 33% - 25% - 14:54
4 - 4% - 10% - 1:56
Normal Defense
1 - 30% - 35% - 13:38
2 - 32% - 30% - 14:52
3 - 31% - 25% - 14:09
4 - 7% - 10% - 3:11
PP Forward
1 - 58% - 60% - 1:02
2 - 42% - 40% - 0:45
PP Defense
1 - 50% - 60% - 0:54
2 - 50% - 40% - 0:53
PK Forward
1 - 69% - 60% - 8:11
2 - 31% - 40% - 3:36
PK Defense
1 - 50% - 60% - 5:50
2 - 50% - 40% - 5:57
PK3 Forward
1 - 100% - 60% - 0:36
2 - 0% - 40% - 0:00
PK3 Defense
1 - 97% - 60% - 0:35
2 - 3% - 40% - 0:01
44 Forward
1 - 0% - 60%
2 - 0% - 40%
44 Defense
1 - 0% - 60%
2 - 0% - 40%
Last Minute Offensive  - 0:00
Last Minute Defensive  - 0:00
Total
Forward - 60:00
Defense - 60:00

Play-by-Play

1st period


0:01 of 1st period - Christian Dvorak wins face-off versus Connor McDavid in neutral zone.
0:04 of 1st period - Joel Edmundson is hit by Taylor Hall and loses puck.
0:20 of 1st period - Taylor Hall is hit by Joel Edmundson and loses puck.
0:21 of 1st period - Minor Penalty to Olli Maatta for Slashing.
0:22 of 1st period - Connor McDavid wins face-off versus Scott Laughton in ANAHEIM zone.
0:49 of 1st period - Jason Zucker is hit by Zemgus Girgensons and loses puck.
0:54 of 1st period - Shot by Max Domi.
0:54 of 1st period - Shot Blocked by Joel Edmundson.
0:58 of 1st period - Shot by Zemgus Girgensons.
0:58 of 1st period - Shot Misses the Net.
1:00 of 1st period - Shot by Ian Cole.
1:00 of 1st period - Goal by Ian Cole - DETROIT : 1 - ANAHEIM : 0.
1:01 of 1st period - Evgeny Kuznetsov wins face-off versus Alexander Wennberg in neutral zone.
1:14 of 1st period - Shot by Evgeny Kuznetsov.
1:14 of 1st period - Stopped by John Gibson with a rebound.
1:58 of 1st period - Icing by Aaron Ekblad.
1:59 of 1st period - Christian Dvorak wins face-off versus Pierre-Luc Dubois in DETROIT zone.
2:30 of 1st period - Shot by Taylor Hall.
2:30 of 1st period - Shot Misses the Net.
2:32 of 1st period - Shot by Tyler Myers.
2:32 of 1st period - Shot Misses the Net.
3:22 of 1st period - Oscar Klefbom is hit by Frank Vatrano and loses puck.
3:48 of 1st period - Icing by Oscar Klefbom.
3:49 of 1st period - Scott Laughton wins face-off versus Evgeny Kuznetsov in DETROIT zone.
4:10 of 1st period - Shot by Justin Abdelkader.
4:10 of 1st period - Stopped by Cam Talbot with a rebound.
4:12 of 1st period - Shot by Justin Abdelkader.
4:12 of 1st period - Stopped by Cam Talbot without a rebound.
4:13 of 1st period - Pierre-Luc Dubois wins face-off versus Chandler Stephenson in ANAHEIM zone.
4:13 of 1st period - Pierre-Luc Dubois is hit by Valeri Nichushkin.
4:24 of 1st period - Patrik Nemeth is hit by Tyler Motte and loses puck.
4:33 of 1st period - Shot by Pierre-Luc Dubois.
4:33 of 1st period - Stopped by John Gibson without a rebound.
4:34 of 1st period - Alexander Wennberg wins face-off versus Connor McDavid in DETROIT zone.
4:43 of 1st period - Shot by Colton Sceviour.
4:43 of 1st period - Shot Misses the Net.
5:02 of 1st period - Icing by Jason Zucker.
5:03 of 1st period - Christian Dvorak wins face-off versus Connor McDavid in ANAHEIM zone.
5:32 of 1st period - Shot by Christian Dvorak.
5:32 of 1st period - Stopped by Cam Talbot with a rebound.
6:19 of 1st period - Shot by Justin Abdelkader.
6:19 of 1st period - Goal by Justin Abdelkader - DETROIT : 2 - ANAHEIM : 0.
6:20 of 1st period - Scott Laughton wins face-off versus Pierre-Luc Dubois in neutral zone.
6:32 of 1st period - Zemgus Girgensons is hit by Tyler Motte and loses puck.
6:41 of 1st period - Minor Penalty to Trevor van Riemsdyk for Slashing.
6:42 of 1st period - Connor McDavid wins face-off versus Scott Laughton in ANAHEIM zone.
6:53 of 1st period - Shot by Aaron Ekblad.
6:53 of 1st period - Stopped by Cam Talbot without a rebound.
6:54 of 1st period - Christian Dvorak wins face-off versus Connor McDavid in ANAHEIM zone.
7:22 of 1st period - Off-side.
7:23 of 1st period - Connor McDavid wins face-off versus Scott Laughton in neutral zone.
7:56 of 1st period - Shot by Oscar Klefbom.
7:56 of 1st period - Shot Misses the Net.
8:22 of 1st period - Shot by Aaron Ekblad.
8:22 of 1st period - Shot Misses the Net.
8:26 of 1st period - Shot by Calle Jarnkrok.
8:26 of 1st period - Stopped by Cam Talbot without a rebound.
8:27 of 1st period - Connor McDavid wins face-off versus Taylor Hall in ANAHEIM zone.
8:36 of 1st period - Shot by Christian Dvorak.
8:36 of 1st period - Stopped by Cam Talbot with a rebound.
8:58 of 1st period - Icing by Pierre-Luc Dubois.
8:59 of 1st period - Chandler Stephenson wins face-off versus Pierre-Luc Dubois in ANAHEIM zone.
9:35 of 1st period - Aaron Ekblad is hit by Frank Vatrano and loses puck.
9:49 of 1st period - Off-side.
9:50 of 1st period - Evgeny Kuznetsov wins face-off versus Scott Laughton in neutral zone.
9:56 of 1st period - Icing by Oscar Klefbom.
9:57 of 1st period - Evgeny Kuznetsov wins face-off versus Scott Laughton in DETROIT zone.
9:57 of 1st period - Evgeny Kuznetsov is hit by Oscar Klefbom.
10:00 of 1st period - Zach Sanford is hit by Oscar Klefbom and loses puck.
10:36 of 1st period - Scott Laughton is hit by Jake McCabe and loses puck.
10:49 of 1st period - Shot by Alexander Wennberg.
10:49 of 1st period - Shot Misses the Net.
10:56 of 1st period - Off-side.
10:57 of 1st period - Christian Dvorak wins face-off versus Connor McDavid in neutral zone.
11:24 of 1st period - Shot by Christian Dvorak.
11:24 of 1st period - Stopped by Cam Talbot with a rebound.
11:26 of 1st period - Shot by Tyler Myers.
11:26 of 1st period - Stopped by Cam Talbot without a rebound.
11:27 of 1st period - Pierre-Luc Dubois wins face-off versus Alexander Wennberg in ANAHEIM zone.
11:32 of 1st period - Andrej Sekera is hit by Pierre-Luc Dubois.
12:06 of 1st period - Icing by Andrej Sekera.
12:07 of 1st period - Alexander Wennberg wins face-off versus Connor McDavid in DETROIT zone.
12:13 of 1st period - Minor Penalty to Olli Maatta for Roughing.
12:14 of 1st period - Connor McDavid wins face-off versus Christian Dvorak in ANAHEIM zone.
12:31 of 1st period - Icing by Aaron Ekblad.
12:32 of 1st period - Christian Dvorak wins face-off versus Connor McDavid in DETROIT zone.
12:43 of 1st period - Shot by Taylor Hall.
12:43 of 1st period - Stopped by Cam Talbot without a rebound.
12:44 of 1st period - Connor McDavid wins face-off versus Scott Laughton in ANAHEIM zone.
13:36 of 1st period - Minor Penalty to Jake McCabe for Hooking.
13:37 of 1st period - Christian Dvorak wins face-off versus Connor McDavid in ANAHEIM zone.
13:47 of 1st period - Icing by Aaron Ekblad.
13:48 of 1st period - Christian Dvorak wins face-off versus Connor McDavid in DETROIT zone.
14:07 of 1st period - Shot by Aaron Ekblad.
14:07 of 1st period - Shot Misses the Net.
14:09 of 1st period - Shot by Calle Jarnkrok.
14:09 of 1st period - Shot Misses the Net.
14:11 of 1st period - Shot by Calle Jarnkrok.
14:11 of 1st period - Stopped by Cam Talbot without a rebound.
14:12 of 1st period - Connor McDavid wins face-off versus Scott Laughton in ANAHEIM zone.
14:28 of 1st period - Shot by Oscar Klefbom.
14:28 of 1st period - Stopped by Cam Talbot without a rebound.
14:29 of 1st period - Connor McDavid wins face-off versus Christian Dvorak in ANAHEIM zone.
14:29 of 1st period - Connor McDavid is hit by Taylor Hall.
14:54 of 1st period - Calle Jarnkrok is hit by Evgeny Kuznetsov and loses puck.
15:05 of 1st period - Shot by Taylor Hall.
15:05 of 1st period - Shot Blocked by Olli Maatta.
15:07 of 1st period - Shot by Calle Jarnkrok.
15:07 of 1st period - Stopped by Cam Talbot without a rebound.
15:08 of 1st period - Pierre-Luc Dubois wins face-off versus Scott Laughton in ANAHEIM zone.
15:08 of 1st period - Pierre-Luc Dubois is hit by Zemgus Girgensons.
15:26 of 1st period - Shot by Ian Cole.
15:26 of 1st period - Shot Misses the Net.
15:54 of 1st period - Shot by Colton Sceviour.
15:54 of 1st period - Shot Misses the Net.
16:02 of 1st period - Shot by Alexander Wennberg.
16:02 of 1st period - Shot Hit the Post.
16:04 of 1st period - Shot by Colton Sceviour.
16:04 of 1st period - Stopped by Cam Talbot without a rebound.
16:05 of 1st period - Christian Dvorak wins face-off versus Evgeny Kuznetsov in ANAHEIM zone.
16:12 of 1st period - Shot by Christian Dvorak.
16:12 of 1st period - Shot Blocked by Jake McCabe.
16:27 of 1st period - Shot by Evgeny Kuznetsov.
16:27 of 1st period - Shot Misses the Net.
16:35 of 1st period - Shot by Andreas Athanasiou.
16:35 of 1st period - Shot Hit the Post.
16:37 of 1st period - Shot by Evgeny Kuznetsov.
16:37 of 1st period - Stopped by John Gibson with a rebound.
16:53 of 1st period - Shot by Connor McDavid.
16:53 of 1st period - Shot Blocked by Tyler Myers.
16:57 of 1st period - Shot by Connor McDavid.
16:57 of 1st period - Stopped by John Gibson with a rebound.
17:04 of 1st period - Icing by Tyler Myers.
17:05 of 1st period - Pierre-Luc Dubois wins face-off versus Christian Dvorak in DETROIT zone.
17:12 of 1st period - Shot by Pierre-Luc Dubois.
17:12 of 1st period - Stopped by John Gibson without a rebound.
17:13 of 1st period - Jason Zucker wins face-off versus Scott Laughton in DETROIT zone.
18:23 of 1st period - Minor Penalty to Patrik Nemeth for Slashing.
18:24 of 1st period - Evgeny Kuznetsov wins face-off versus Taylor Hall in DETROIT zone.
18:25 of 1st period - Shot by Zach Sanford.
18:25 of 1st period - Stopped by John Gibson without a rebound.
18:26 of 1st period - Connor McDavid wins face-off versus Taylor Hall in DETROIT zone.
18:31 of 1st period - Shot by Connor McDavid.
18:31 of 1st period - Stopped by John Gibson without a rebound.
18:32 of 1st period - Evgeny Kuznetsov wins face-off versus Taylor Hall in DETROIT zone.
18:47 of 1st period - Shot by Andreas Athanasiou.
18:47 of 1st period - Stopped by John Gibson without a rebound.
18:48 of 1st period - Taylor Hall wins face-off versus Connor McDavid in DETROIT zone.
18:48 of 1st period - Ian Cole is hit by Frank Vatrano and loses puck.
Goals for this period are 2 for DETROIT vs 0 for ANAHEIM.
Shots for this period are 15 for DETROIT vs 8 for ANAHEIM.

2nd period


0:01 of 2nd period - Connor McDavid wins face-off versus Taylor Hall in neutral zone.
0:10 of 2nd period - Shot by Olli Maatta.
0:10 of 2nd period - Goal by Olli Maatta - DETROIT : 2 - ANAHEIM : 1.
0:11 of 2nd period - Christian Dvorak wins face-off versus Zach Sanford in neutral zone.
0:34 of 2nd period - Andreas Athanasiou is hit by Taylor Hall and loses puck.
0:42 of 2nd period - Icing by Andreas Athanasiou.
0:43 of 2nd period - Evgeny Kuznetsov wins face-off versus Scott Laughton in ANAHEIM zone.
1:37 of 2nd period - Andrej Sekera is hit by Connor McDavid.
2:05 of 2nd period - Shot by Michael Frolik.
2:05 of 2nd period - Stopped by John Gibson without a rebound.
2:06 of 2nd period - Christian Dvorak wins face-off versus Pierre-Luc Dubois in DETROIT zone.
2:30 of 2nd period - Shot by Pierre-Luc Dubois.
2:30 of 2nd period - Stopped by John Gibson without a rebound.
2:31 of 2nd period - Evgeny Kuznetsov wins face-off versus Chandler Stephenson in DETROIT zone.
2:51 of 2nd period - Icing by Tyler Myers.
2:52 of 2nd period - Connor McDavid wins face-off versus Chandler Stephenson in DETROIT zone.
3:04 of 2nd period - Icing by Aaron Ekblad.
3:05 of 2nd period - Pierre-Luc Dubois wins face-off versus Chandler Stephenson in DETROIT zone.
3:14 of 2nd period - Icing by Trevor van Riemsdyk.
3:15 of 2nd period - Pierre-Luc Dubois wins face-off versus Scott Laughton in ANAHEIM zone.
3:21 of 2nd period - Icing by Michael Frolik.
3:22 of 2nd period - Scott Laughton wins face-off versus Michael Frolik in ANAHEIM zone.
3:22 of 2nd period - Max Domi is hit by Trevor van Riemsdyk.
3:46 of 2nd period - Shot by Scott Laughton.
3:46 of 2nd period - Shot Misses the Net.
3:48 of 2nd period - Shot by Max Domi.
3:48 of 2nd period - Stopped by Cam Talbot without a rebound.
3:49 of 2nd period - Christian Dvorak wins face-off versus Connor McDavid in ANAHEIM zone.
4:27 of 2nd period - Icing by Olli Maatta.
4:28 of 2nd period - Scott Laughton wins face-off versus Connor McDavid in ANAHEIM zone.
4:48 of 2nd period - Ian Cole is hit by Joel Edmundson.
5:04 of 2nd period - Shot by Zemgus Girgensons.
5:04 of 2nd period - Shot Misses the Net.
5:06 of 2nd period - Shot by Oscar Klefbom.
5:06 of 2nd period - Shot Blocked by Joel Edmundson.
5:32 of 2nd period - Shot by Jake McCabe.
5:32 of 2nd period - Shot Blocked by Patrik Nemeth.
5:40 of 2nd period - Shot by Evgeny Kuznetsov.
5:40 of 2nd period - Deflect By Zach Sanford.
5:40 of 2nd period - Shot Misses the Net.
5:51 of 2nd period - Icing by Patrik Nemeth.
5:52 of 2nd period - Pierre-Luc Dubois wins face-off versus Alexander Wennberg in DETROIT zone.
6:03 of 2nd period - Shot by Pierre-Luc Dubois.
6:03 of 2nd period - Stopped by John Gibson without a rebound.
6:04 of 2nd period - Pierre-Luc Dubois wins face-off versus Christian Dvorak in DETROIT zone.
6:04 of 2nd period - Tyler Motte is hit by Aaron Ekblad and loses puck.
6:36 of 2nd period - Pierre-Luc Dubois is hit by Aaron Ekblad and loses puck.
7:12 of 2nd period - Shot by Max Domi.
7:12 of 2nd period - Stopped by Cam Talbot without a rebound.
7:13 of 2nd period - Alexander Wennberg wins face-off versus Evgeny Kuznetsov in ANAHEIM zone.
7:56 of 2nd period - Icing by Alexander Wennberg.
7:57 of 2nd period - Connor McDavid wins face-off versus Alexander Wennberg in DETROIT zone.
8:14 of 2nd period - Shot by Connor McDavid.
8:14 of 2nd period - Stopped by John Gibson without a rebound.
8:15 of 2nd period - Christian Dvorak wins face-off versus Andrew Shaw in DETROIT zone.
8:24 of 2nd period - Shot by Andrew Shaw.
8:24 of 2nd period - Stopped by John Gibson without a rebound.
8:25 of 2nd period - Connor McDavid wins face-off versus Scott Laughton in DETROIT zone.
8:36 of 2nd period - Shot by Jason Zucker.
8:36 of 2nd period - Shot Blocked by Ian Cole.
9:28 of 2nd period - Shot by Aaron Ekblad.
9:28 of 2nd period - Stopped by Cam Talbot without a rebound.
9:29 of 2nd period - Evgeny Kuznetsov wins face-off versus Alexander Wennberg in ANAHEIM zone.
9:48 of 2nd period - Shot by Justin Abdelkader.
9:48 of 2nd period - Shot Blocked by Evgeny Kuznetsov.
9:56 of 2nd period - Shot by Alexander Wennberg.
9:56 of 2nd period - Shot Blocked by Jake McCabe.
9:58 of 2nd period - Shot by Robert Bortuzzo.
9:58 of 2nd period - Shot Misses the Net.
10:00 of 2nd period - Shot by Robert Bortuzzo.
10:00 of 2nd period - Stopped by Cam Talbot without a rebound.
10:01 of 2nd period - Christian Dvorak wins face-off versus Pierre-Luc Dubois in ANAHEIM zone.
10:29 of 2nd period - Shot by Christian Dvorak.
10:29 of 2nd period - Stopped by Cam Talbot with a rebound.
10:31 of 2nd period - Shot by Christian Dvorak.
10:31 of 2nd period - Deflect By Calle Jarnkrok.
10:31 of 2nd period - Stopped by Cam Talbot with a rebound.
10:33 of 2nd period - Shot by Christian Dvorak.
10:33 of 2nd period - Goal by Christian Dvorak - DETROIT : 3 - ANAHEIM : 1.
10:34 of 2nd period - Scott Laughton wins face-off versus Evgeny Kuznetsov in neutral zone.
10:50 of 2nd period - Shot by Andreas Athanasiou.
10:50 of 2nd period - Shot Misses the Net.
13:15 of 2nd period - Shot by Zemgus Girgensons.
13:15 of 2nd period - Stopped by Cam Talbot without a rebound.
13:16 of 2nd period - Alexander Wennberg wins face-off versus Andreas Athanasiou in ANAHEIM zone.
13:25 of 2nd period - Shot by Colton Sceviour.
13:25 of 2nd period - Shot Misses the Net.
13:57 of 2nd period - Oscar Klefbom is hit by Zach Sanford and loses puck.
14:26 of 2nd period - Icing by Caleb Jones.
14:27 of 2nd period - Pierre-Luc Dubois wins face-off versus Scott Laughton in ANAHEIM zone.
15:06 of 2nd period - Shot by Scott Laughton.
15:06 of 2nd period - Shot Misses the Net.
16:07 of 2nd period - Shot by Alexander Wennberg.
16:07 of 2nd period - Shot Misses the Net.
16:09 of 2nd period - Shot by Justin Abdelkader.
16:09 of 2nd period - Shot Blocked by Olli Maatta.
16:47 of 2nd period - Anton Stralman is hit by Scott Laughton and loses puck.
16:51 of 2nd period - Icing by Anton Stralman.
16:52 of 2nd period - Evgeny Kuznetsov wins face-off versus Chandler Stephenson in ANAHEIM zone.
17:42 of 2nd period - Minor Penalty to Trevor van Riemsdyk for Tripping.
17:43 of 2nd period - Scott Laughton wins face-off versus Connor McDavid in ANAHEIM zone.
18:02 of 2nd period - Shot by Scott Laughton.
18:02 of 2nd period - Shot Misses the Net.
18:04 of 2nd period - Shot by Tyler Myers.
18:04 of 2nd period - Shot Misses the Net.
18:06 of 2nd period - Shot by Zemgus Girgensons.
18:06 of 2nd period - Shot Misses the Net.
18:08 of 2nd period - Shot by Tyler Myers.
18:08 of 2nd period - Goal by Tyler Myers - DETROIT : 4 - ANAHEIM : 1.
18:09 of 2nd period - Pierre-Luc Dubois wins face-off versus Alexander Wennberg in neutral zone.
19:04 of 2nd period - Shot by Frank Vatrano.
19:04 of 2nd period - Stopped by John Gibson without a rebound.
19:05 of 2nd period - Connor McDavid wins face-off versus Scott Laughton in DETROIT zone.
Goals for this period are 2 for DETROIT vs 1 for ANAHEIM.
Shots for this period are 9 for DETROIT vs 7 for ANAHEIM.

3rd period


0:01 of 3rd period - Andrew Shaw wins face-off versus Christian Dvorak in neutral zone.
0:08 of 3rd period - Shot by Connor McDavid.
0:08 of 3rd period - Shot Misses the Net.
0:32 of 3rd period - Christian Dvorak is hit by Olli Maatta and loses puck.
1:24 of 3rd period - Shot by Ian Cole.
1:24 of 3rd period - Shot Blocked by Anton Stralman.
1:26 of 3rd period - Shot by Oscar Klefbom.
1:26 of 3rd period - Stopped by Cam Talbot without a rebound.
1:27 of 3rd period - Jason Zucker wins face-off versus Alexander Wennberg in ANAHEIM zone.
1:51 of 3rd period - Shot by Frank Vatrano.
1:51 of 3rd period - Shot Misses the Net.
2:05 of 3rd period - Shot by Andrej Sekera.
2:05 of 3rd period - Stopped by Cam Talbot with a rebound.
2:24 of 3rd period - Andrej Sekera is hit by Michael Frolik and loses puck.
3:08 of 3rd period - Icing by Tyler Motte.
3:09 of 3rd period - Pierre-Luc Dubois wins face-off versus Scott Laughton in ANAHEIM zone.
3:33 of 3rd period - Shot by Scott Laughton.
3:33 of 3rd period - Stopped by Cam Talbot without a rebound.
3:34 of 3rd period - Evgeny Kuznetsov wins face-off versus Chandler Stephenson in ANAHEIM zone.
3:41 of 3rd period - Shot by Evgeny Kuznetsov.
3:41 of 3rd period - Shot Misses the Net.
3:44 of 3rd period - Icing by Chandler Stephenson.
3:45 of 3rd period - Chandler Stephenson wins face-off versus Evgeny Kuznetsov in DETROIT zone.
3:45 of 3rd period - Chandler Stephenson is hit by Andreas Athanasiou.
4:32 of 3rd period - Scott Laughton is hit by Trevor van Riemsdyk and loses puck.
5:24 of 3rd period - Off-side.
5:25 of 3rd period - Pierre-Luc Dubois wins face-off versus Alexander Wennberg in neutral zone.
5:45 of 3rd period - Shot by Alexander Wennberg.
5:45 of 3rd period - Shot Misses the Net.
5:55 of 3rd period - Shot by Michael Frolik.
5:55 of 3rd period - Shot Misses the Net.
6:03 of 3rd period - Shot by Colton Sceviour.
6:03 of 3rd period - Stopped by Cam Talbot with a rebound.
6:29 of 3rd period - Shot by Taylor Hall.
6:29 of 3rd period - Shot Blocked by Anton Stralman.
6:31 of 3rd period - Shot by Andrej Sekera.
6:31 of 3rd period - Stopped by Cam Talbot with a rebound.
6:33 of 3rd period - Shot by Calle Jarnkrok.
6:33 of 3rd period - Stopped by Cam Talbot without a rebound.
6:34 of 3rd period - Connor McDavid wins face-off versus Chandler Stephenson in ANAHEIM zone.
7:01 of 3rd period - Icing by Chandler Stephenson.
7:02 of 3rd period - Chandler Stephenson wins face-off versus Evgeny Kuznetsov in DETROIT zone.
7:07 of 3rd period - Shot by Taylor Hall.
7:07 of 3rd period - Shot Misses the Net.
7:13 of 3rd period - Shot by Taylor Hall.
7:13 of 3rd period - Stopped by Cam Talbot without a rebound.
7:14 of 3rd period - Scott Laughton wins face-off versus Evgeny Kuznetsov in ANAHEIM zone.
8:24 of 3rd period - Michael Frolik is hit by Tyler Myers and loses puck.
8:53 of 3rd period - Michael Frolik is hit by Justin Abdelkader.
9:00 of 3rd period - Minor Penalty to Connor McDavid for Hooking.
9:01 of 3rd period - Christian Dvorak wins face-off versus Chris Wagner in ANAHEIM zone.
9:24 of 3rd period - Shot by Taylor Hall.
9:24 of 3rd period - Stopped by Cam Talbot without a rebound.
9:25 of 3rd period - Christian Dvorak wins face-off versus Chris Wagner in ANAHEIM zone.
9:44 of 3rd period - Shot by Oscar Klefbom.
9:44 of 3rd period - Stopped by Cam Talbot with a rebound.
9:46 of 3rd period - Shot by Oscar Klefbom.
9:46 of 3rd period - Stopped by Cam Talbot without a rebound.
9:47 of 3rd period - Chris Wagner wins face-off versus Christian Dvorak in ANAHEIM zone.
10:12 of 3rd period - Shot by Aaron Ekblad.
10:12 of 3rd period - Shot Misses the Net.
10:34 of 3rd period - Joel Edmundson is hit by Zemgus Girgensons.
11:03 of 3rd period - Justin Abdelkader is hit by Caleb Jones and loses puck.
11:04 of 3rd period - Minor Penalty to Trevor van Riemsdyk for High sticking.
11:05 of 3rd period - Connor McDavid wins face-off versus Christian Dvorak in ANAHEIM zone.
11:58 of 3rd period - Shot by Ian Cole.
11:58 of 3rd period - Shot Misses the Net.
13:02 of 3rd period - Icing by Aaron Ekblad.
13:03 of 3rd period - Pierre-Luc Dubois wins face-off versus Alexander Wennberg in DETROIT zone.
14:07 of 3rd period - Icing by Robert Bortuzzo.
14:08 of 3rd period - Alexander Wennberg wins face-off versus Evgeny Kuznetsov in DETROIT zone.
14:12 of 3rd period - Brendan Smith is hit by Zach Sanford and loses puck.
14:27 of 3rd period - Shot by Evgeny Kuznetsov.
14:27 of 3rd period - Stopped by John Gibson with a rebound.
14:29 of 3rd period - Shot by Anton Stralman.
14:29 of 3rd period - Stopped by John Gibson without a rebound.
14:30 of 3rd period - Connor McDavid wins face-off versus Calle Jarnkrok in DETROIT zone.
14:55 of 3rd period - Shot by Connor McDavid.
14:55 of 3rd period - Deflect By Jason Zucker.
14:55 of 3rd period - Stopped by John Gibson without a rebound.
14:56 of 3rd period - Scott Laughton wins face-off versus Evgeny Kuznetsov in DETROIT zone.
15:29 of 3rd period - Shot by Andreas Athanasiou.
15:29 of 3rd period - Shot Misses the Net.
15:49 of 3rd period - Icing by Trevor van Riemsdyk.
15:50 of 3rd period - Connor McDavid wins face-off versus Alexander Wennberg in ANAHEIM zone.
16:02 of 3rd period - Connor McDavid is hit by Aaron Ekblad and loses puck.
16:06 of 3rd period - Minor Penalty to Frank Vatrano for Hooking.
16:07 of 3rd period - Connor McDavid wins face-off versus Christian Dvorak in ANAHEIM zone.
16:07 of 3rd period - Connor McDavid is hit by Taylor Hall.
16:30 of 3rd period - Shot by Oscar Klefbom.
16:30 of 3rd period - Stopped by Cam Talbot without a rebound.
16:31 of 3rd period - Scott Laughton wins face-off versus Connor McDavid in ANAHEIM zone.
16:55 of 3rd period - Icing by Aaron Ekblad.
16:56 of 3rd period - Pierre-Luc Dubois wins face-off versus Scott Laughton in DETROIT zone.
16:59 of 3rd period - Shot by Jason Zucker.
16:59 of 3rd period - Stopped by John Gibson with a rebound.
17:26 of 3rd period - Shot by Ian Cole.
17:26 of 3rd period - Shot Misses the Net.
17:39 of 3rd period - Christian Dvorak is hit by Jake McCabe and loses puck.
17:48 of 3rd period - Shot by Taylor Hall.
17:48 of 3rd period - Shot Misses the Net.
17:50 of 3rd period - Shot by Calle Jarnkrok.
17:50 of 3rd period - Shot Misses the Net.
17:52 of 3rd period - Shot by Ian Cole.
17:52 of 3rd period - Stopped by Cam Talbot without a rebound.
17:53 of 3rd period - Pierre-Luc Dubois wins face-off versus Christian Dvorak in ANAHEIM zone.
18:14 of 3rd period - Alexander Wennberg is hit by Pierre-Luc Dubois and loses puck.
18:26 of 3rd period - Icing by Michael Frolik.
18:27 of 3rd period - Scott Laughton wins face-off versus Pierre-Luc Dubois in ANAHEIM zone.
18:52 of 3rd period - Shot by Max Domi.
18:52 of 3rd period - Stopped by Cam Talbot without a rebound.
18:53 of 3rd period - Alexander Wennberg wins face-off versus Jason Zucker in ANAHEIM zone.
19:09 of 3rd period - Alexander Wennberg is hit by Joel Edmundson and loses puck.
19:38 of 3rd period - Icing by Olli Maatta.
19:39 of 3rd period - Connor McDavid wins face-off versus Christian Dvorak in ANAHEIM zone.
Goals for this period are 0 for DETROIT vs 0 for ANAHEIM.
Shots for this period are 13 for DETROIT vs 4 for ANAHEIM.